cohdb
Replays
Latest Replays
All Replays
Popular Replays
Top Player Replays
Match Explorer
How It Works
Community
CoH3 Stats
Reddit
Sign in to upload your games and track your stats! →
Sign in with Steam
Match 39528510
Unlisted
Match 39528510
Overview
Messages
Build Orders
End
Scout Squad
Construct Barracks
Selects Heavy Weapons
Riflemen Squad
Riflemen Squad
Riflemen Squad
Grenade Package
Construct Medical Station
Infantry Support Center
Construct Weapon Support Center
M3 Armored Personnel Carrier
M1918 Browning Automatic Rifles
Engineer Squad
Selects M2HB .50cal Heavy Machine Gun
Selects Assault Carriers
Selects Exchangeable Parts
Advanced Logistics
Bazooka Squad
M1919 Machine Gun Team
Selects Rapid Reposition
Construct Tank Depot
Bazooka Squad
Riflemen Squad
M18 Hellcat Tank Destroyer
Selects M26 Pershing Heavy Tank
M26 Pershing Heavy Tank
Engineer Squad
Construct Motor Pool
M1 Anti-tank Gun Team
Selects Black Dragon Artillery Barrage
Black Dragon Artillery Barrage
M1 Anti-tank Gun Team
Engineer Squad
Bazooka Squad
Black Dragon Artillery Barrage
Bazooka Squad
Black Dragon Artillery Barrage
M26 Pershing Heavy Tank
Riflemen Squad
DanielD
KT Perry
MaXiS
LilDick
0
0
Comments
sign in to comment!
No comments posted yet!